Map: [ESL] Oceanborn

Players

Astrea - Winner!

  • Race: Protoss Protoss
  • Spawn Location: 5:00

Nina

  • Race: Protoss Protoss
  • Spawn Location: 11:00

Event: ESL SC2 Masters 2024 Spring (Regional)

VOD

Have the link to the VOD?

Description

Time

  • Played on: May 3, 2024, 3:50 p.m.
  • Length: 12:40

All games in this series

Show
View Real Time Build Order
Export as new Build Order

Astrea Protoss - Winner!

Build Orders: 1 Gate Expand, Phoenix Opening, Blink Stalkers 

Get SALT Encoding   

  12  0:00  Probe  
  13  0:12  Probe  
  14  0:17  Pylon  
  14  0:24  Probe (Chrono Boost)  
  15  0:36  Gateway, Probe (Chrono Boost)  
  16  0:44  Probe (Chrono Boost)  
  16  0:45  Assimilator  
  17  0:51  Probe  
  18  0:57  Assimilator  
  18  1:03  Probe  
  19  1:15  Probe  
  20  1:25  Nexus  
  20  1:35  Cybernetics Core  
  20  1:38  Probe (Chrono Boost)  
  22  1:48  Pylon, Probe (Chrono Boost)  
  22  1:53  Probe (Chrono Boost)  
  23  2:06  Probe  
  24  2:10  Sentry (Chrono Boost)  
  24  2:12  Warp Gate  
  26  2:19  Probe  
  27  2:25  Sentry (Chrono Boost)  
  29  2:33  Probe (Chrono Boost), Phoenix  
  30  2:38  Probe (Chrono Boost)  
  31  2:47  Probe (Chrono Boost)  
  31  2:48  Probe (Chrono Boost), Twilight Council  
  31  2:50  Gateway  
  32  2:52  Probe (Chrono Boost)  
  32  2:55  Stalker, Probe  
  36  3:03  Shield Battery  
  36  3:04  Probe  
  37  3:07  Probe  
  38  3:16  Probe  
  38  3:19  Blink (Chrono Boost), Probe  
  40  3:29  Probe  
  40  3:31  Probe  
  42  3:39  Pylon  
  42  3:41  Probe  
  43  3:43  Probe  
  43  3:48  Shield Battery  
  43  3:53  Probe  
  42  3:55  Probe  
  42  3:59  Phoenix  
  42  4:00  Stalker  
  45  4:05  Probe  
  45  4:07  Probe  
  45  4:09  Nexus  
  47  4:10  Pylon  
  47  4:11  Sentry  
  47  4:16  Robotics Facility  
  49  4:17  Probe  
  49  4:20  Probe  
  49  4:22  Forge  
  51  4:29  Probe  
  51  4:30  Assimilator  
  52  4:32  Probe  
  52  4:33  Stalker  
  52  4:36  Stalker  
  57  4:41  Shield Battery  
  57  4:44  Probe  
  58  4:47  Phoenix  
  58  4:49  Probe  
  59  4:56  Photon Cannon  
  59  5:00  Stalker  
  59  5:01  Pylon  
  59  5:03  Observer (Chrono Boost)  
  59  5:07  Protoss Ground Weapons Level 1 (Chrono Boost)  
  62  5:16  Pylon  
  62  5:19  Pylon, Probe x2  
  64  5:22  Stalker  
  64  5:25  Stalker  
  64  5:27  Probe, Immortal (Chrono Boost)  
  65  5:32  Probe  
  65  5:34  Probe  
  71  5:39  Probe  
  72  5:44  Probe, Forge  
  72  5:46  Probe  
  74  5:51  Probe  
  74  5:55  Stalker x2  
  74  5:56  Probe  
  80  5:59  Observer  
  80  6:01  Probe  
  80  6:03  Probe  
  83  6:11  Gateway x2  
  83  6:12  Gateway  
  83  6:14  Probe  
  83  6:15  Gateway  
  83  6:23  Protoss Ground Armor Level 1 (Chrono Boost)  
  83  6:25  Stalker x2  
  87  6:31  Probe x3  
  90  6:32  Assimilator  
  90  6:42  Observer  
  90  6:43  Probe x3  
  93  6:51  Stalker x2  
  93  6:52  Protoss Ground Weapons Level 2 (Chrono Boost), Phoenix  
  93  6:53  Observer  
  96  6:55  Probe x3  
  99  7:06  Observer  
  99  7:07  Probe x2  
  99  7:08  Assimilator  
  101  7:09  Nexus  
  101  7:10  Pylon  
  101  7:14  Pylon  
  101  7:17  Pylon x2  
  101  7:28  Observer, Probe x3  
  105  7:30  Stalker x2  
  105  7:34  Stalker x4  
  117  7:41  Probe x3  
  120  7:48  Observer  
  121  7:53  Probe x3  
  121  7:55  Photon Cannon  
  121  7:56  Shield Battery  
  124  7:58  Stalker x4  
  124  7:59  Observer  
  124  8:05  Probe  
  133  8:06  Protoss Ground Armor Level 2 (Chrono Boost)  
  133  8:11  Pylon  
  133  8:12  Observer, Gateway  
  133  8:14  Gateway  
  133  8:15  Pylon  
  133  8:19  Assimilator  
  133  8:22  Observer  
  133  8:25  Stalker x4  
  133  8:26  Stalker x2  
  145  8:29  Warp Prism (Chrono Boost)  
  147  8:36  Observer, Nexus  
  147  8:40  Observer  
  147  8:41  Observer  
  146  8:49  Gateway x2, Observer  
  146  8:50  Observer  
  142  8:56  Stalker x6  
  142  9:01  Protoss Ground Weapons Level 3 (Chrono Boost)  
  154  9:15  Stalker x2  
  158  9:21  Photon Cannon  
  158  9:22  Photon Cannon  
  158  9:23  Photon Cannon  
  158  9:24  Photon Cannon  
  158  9:26  Stalker x3  
  158  9:29  Pylon  
  164  9:33  Pylon  
  164  9:35  Pylon  
  164  9:36  Pylon  
  164  9:45  Observer  
  164  9:46  Charge (Chrono Boost)  
  164  9:47  Stalker x3  
  164  9:48  Stalker x3  
  164  9:51  Protoss Ground Armor Level 3 (Chrono Boost)  
  176  9:56  Observer  
  176  9:58  Stalker x4  
  183  10:00  Observer  
  183  10:11  Photon Cannon  
  183  10:12  Photon Cannon  
  183  10:13  Assimilator  
  183  10:14  Shield Battery  
  183  10:15  Sentry  
  183  10:16  Stalker x3  
  183  10:19  Stalker  
  183  10:20  Stalker  
  195  10:25  Gateway  
  195  10:27  Gateway  
  194  10:38  Stalker  
  194  10:39  Stalker x3  
  192  10:42  Stalker x2  
  192  10:43  Stalker  
  192  10:48  Stalker x2  
  186  10:53  Stalker  
  186  10:54  Observer  
  174  11:02  Zealot x2  
  174  11:03  Zealot x2  
  182  11:06  Zealot x3  
  188  11:12  Observer  
  189  11:20  Zealot x2  
  189  11:21  Zealot x2  
  197  11:27  Zealot  
  197  11:30  Observer  
  197  11:32  Gateway x2  
  174  11:40  Zealot x9  
  174  11:41  Zealot x2  
  180  11:47  Observer  
  181  11:56  Stalker  
  169  12:03  Stalker x7  
  169  12:04  Zealot  
  157  12:09  Zealot x3  
  147  12:19  Observer  
Show
View Real Time Build Order
Export as new Build Order

Nina Protoss 

Build Orders: Phoenix Opening 

Get SALT Encoding   

  12  0:00  Probe  
  13  0:12  Probe  
  14  0:20  Pylon  
  14  0:24  Probe  
  15  0:38  Probe (Chrono Boost)  
  15  0:40  Gateway  
  16  0:48  Probe (Chrono Boost)  
  17  0:52  Assimilator  
  17  0:53  Probe  
  17  0:57  Assimilator  
  18  1:05  Probe (Chrono Boost)  
  18  1:08  Gateway  
  19  1:17  Probe (Chrono Boost)  
  20  1:25  Probe (Chrono Boost)  
  21  1:28  Cybernetics Core  
  21  1:31  Probe  
  21  1:39  Pylon  
  22  1:43  Probe  
  23  1:57  Probe  
  24  2:05  Stalker, Sentry  
  24  2:06  Warp Gate  
  28  2:09  Probe  
  28  2:15  Pylon  
  29  2:23  Probe  
  30  2:33  Adept  
  30  2:35  Adept, Phoenix  
  34  2:46  Nexus  
  34  2:48  Probe  
  35  3:00  Probe  
  36  3:07  Stalker  
  36  3:12  Pylon, Probe  
  38  3:17  Twilight Council  
  39  3:30  Probe (Chrono Boost)  
  40  3:34  Forge  
  40  3:42  Probe (Chrono Boost)  
  41  3:51  Probe (Chrono Boost)  
  40  3:56  Probe (Chrono Boost)  
  40  3:59  Stalker  
  40  4:00  Blink (Chrono Boost)  
  42  4:02  Sentry  
  42  4:05  Probe (Chrono Boost)  
  42  4:08  Probe (Chrono Boost)  
  45  4:12  Protoss Ground Weapons Level 1 (Chrono Boost)  
  45  4:15  Probe (Chrono Boost)  
  45  4:16  Probe (Chrono Boost)  
  47  4:20  Gateway  
  47  4:23  Probe  
  48  4:24  Sentry  
  48  4:26  Probe  
  48  4:29  Stalker  
  53  4:37  Probe  
  53  4:38  Pylon  
  54  4:39  Probe  
  54  4:44  Gateway  
  55  4:47  Stalker  
  55  4:49  Probe  
  58  4:55  Probe  
  58  4:56  Stalker  
  58  4:59  Gateway  
  61  5:01  Probe  
  62  5:11  Stalker  
  64  5:14  Pylon, Stalker  
  66  5:28  Stalker  
  64  5:31  Nexus  
  64  5:33  Probe  
  64  5:35  Stalker  
  67  5:37  Probe  
  67  5:39  Assimilator  
  67  5:42  Stalker  
  70  5:45  Stalker  
  72  5:51  Stalker  
  72  5:56  Probe  
  75  5:57  Probe  
  76  6:05  Assimilator  
  76  6:07  Adept  
  78  6:11  Pylon  
  78  6:14  Pylon  
  78  6:21  Robotics Facility  
  78  6:24  Probe x2  
  78  6:25  Protoss Ground Weapons Level 2 (Chrono Boost)  
  78  6:31  Adept  
  80  6:36  Probe x2  
  80  6:37  Pylon  
  80  6:39  Stalker  
  84  6:42  Stalker  
  84  6:46  Probe  
  85  6:48  Probe  
  85  6:54  Probe (Chrono Boost)  
  85  6:57  Shield Battery  
  85  6:59  Stalker x3  
  88  7:02  Probe (Chrono Boost)  
  88  7:03  Probe (Chrono Boost)  
  88  7:07  Stalker x2  
  94  7:11  Probe x2 (Chrono Boost)  
  94  7:12  Observer, Gateway  
  94  7:13  Probe (Chrono Boost)  
  97  7:16  Pylon  
  97  7:20  Probe x2  
  97  7:22  Stalker  
  101  7:24  Stalker  
  103  7:30  Stalker  
  103  7:31  Stalker  
  107  7:40  Nexus  
  107  7:42  Pylon  
  107  7:43  Probe  
  108  7:49  Gateway  
  108  7:52  Gateway  
  108  7:53  Probe x2  
  110  8:03  Stalker x4  
  118  8:06  Observer  
  118  8:08  Probe  
  118  8:10  Probe  
  118  8:12  Photon Cannon  
  121  8:13  Stalker  
  121  8:14  Probe  
  121  8:16  Assimilator  
  124  8:22  Gateway  
  124  8:24  Pylon  
  124  8:27  Probe  
  124  8:28  Pylon  
  124  8:30  Observer, Photon Cannon  
  125  8:35  Pylon  
  125  8:41  Pylon  
  125  8:42  Probe x2  
  125  8:46  Probe  
  125  8:47  Observer  
  128  8:49  Sentry x2  
  128  8:50  Stalker x3  
  128  8:55  Stalker x2  
  134  9:00  Immortal  
  138  9:03  Probe  
  138  9:04  Shield Battery  
  138  9:08  Stalker x2  
  143  9:10  Probe  
  143  9:11  Probe  
  143  9:13  Probe  
  143  9:14  Stalker  
  143  9:17  Photon Cannon  
  148  9:20  Stalker x2  
  152  9:25  Pylon, Sentry  
  152  9:28  Stalker x2  
  158  9:31  Stalker  
  158  9:33  Shield Battery  
  158  9:35  Photon Cannon  
  158  9:38  Immortal (Chrono Boost)  
  164  9:46  Pylon, Stalker  
  164  9:47  Stalker  
  164  9:49  Stalker  
  170  9:58  Stalker x2  
  170  9:59  Stalker  
  172  10:04  Photon Cannon  
  172  10:07  Stalker x2  
  172  10:12  Photon Cannon x2  
  176  10:14  Probe x3  
  176  10:17  Stalker, Assimilator  
  176  10:18  Stalker  
  176  10:19  Assimilator  
  183  10:21  Pylon  
  183  10:39  Zealot x3  
  162  10:43  Stalker x2  
  162  10:44  Stalker  
  162  10:49  Stalker x2  
  138  10:58  Immortal (Chrono Boost)  
  138  11:00  Stalker x3  
  148  11:06  Stalker x2  
  148  11:07  Stalker  
  154  11:12  Stalker x2  
  154  11:15  Gateway  
  154  11:18  Nexus  
  158  11:21  Stalker x3  
  158  11:25  Photon Cannon  
  163  11:27  Stalker x2, Photon Cannon  
  165  11:33  Stalker  
  153  11:40  Stalker  
  153  11:41  Stalker  
  153  11:43  Stalker x2  
  153  11:44  Stalker  
  155  11:49  Immortal  
  155  11:50  Zealot  
  155  11:51  Zealot  
  163  11:58  Zealot  
  155  12:04  Nexus  
  155  12:05  Zealot x2  
  155  12:07  Zealot x3  
  129  12:11  Stalker x2  
  129  12:13  Stalker  
  117  12:18  Stalker  
Tags
 
Add a new tag
Caveats
  • Supply blocks, unpowered buildings, or Contaminate may cause inaccurate times.
  • Supply counts are checked every 10 seconds.